 Dungeon Crawl Stone Soup version 0.17.0-7-gfadd4cc (webtiles) character file.

141 tp1 the Conjurer (level 5, -4/28 HPs)
             Began as a Deep Elf Conjurer on Nov 8, 2015.
             Slain by a gnoll (5 damage)
             ... on level 3 of the Dungeon.
             The game lasted 00:07:16 (2616 turns).

tp1 the Conjurer (Deep Elf Conjurer)                Turns: 2616, Time: 00:07:18

Health: -4/28      AC:  4    Str:  5    XL:     5   Next: 3%
Magic:  14/14      EV: 12    Int: 21    God:
Gold:   88         SH:  0    Dex: 15    Spells: 3 memorised, 6 levels left

rFire  . . .     SeeInvis .     q - +0 rapier
rCold  . . .     Clarity  .     n - +0 leather armour
rNeg   . . .     SustAt   .     (no shield)
rPois  .         Gourm    .     r - +0 helmet
rElec  .         Spirit   .     (no cloak)
rCorr  .         Warding  .     (no gloves)
rMut   .         Stasis   .     (no boots)
MR     .....                    (no amulet)
Stlth  ++........               (no ring)
                                (no ring)

@: hasted, very quick, not resistant to hostile enchantments, unstealthy
A: no striking features
a: no special abilities


You were on level 3 of the Dungeon.
You were hungry.

You visited 1 branch of the dungeon, and saw 3 of its levels.

You collected 88 gold pieces.

Inventory:

Hand Weapons
 f - a +0 short sword
 q - a +0 rapier (weapon)
Armour
 a - a +0 robe
 n - a +0 leather armour (worn)
 r - a +0 helmet (worn)
Scrolls
 d - a scroll of amnesia
 i - a scroll of fog
 k - 2 scrolls of remove curse
 l - a scroll of identify
Potions
 e - a potion of resistance {unknown}
 g - a potion of haste
 j - a potion of lignification {unknown}
 m - a potion of brilliance {unknown}
 o - 2 potions of curing
 p - a potion of poison {unknown}
Books
 b - a book of Conjurations

   Spells                             Type                      Level
   a - Magic Dart                     Conjuration                  1
   b - Searing Ray                    Conjuration                  2
   c - Dazzling Spray                 Conjuration/Hexes            3
   d - Fulminant Prism                Conjuration/Hexes            4
   e - Iskenderun's Mystic Blast      Conjuration                  4
   f - Iskenderun's Battlesphere      Conjuration/Charms           5
Comestibles
 c - 2 bread rations
 h - a meat ration


   Skills:
 - Level 2.4 Dodging
 - Level 2.4 Stealth
 - Level 5.0 Spellcasting
 - Level 6.0 Conjurations
 + Level 0.0 Charms


You had 6 spell levels left.
You knew the following spells:

 Your Spells              Type           Power        Failure   Level  Hunger
a - Magic Dart            Conj           ####         1%          1    None
b - Searing Ray           Conj           ####..       2%          2    None
c - Iskenderun's Battles  Conj/Chrm      ###.....     98%         5    #####..


Dungeon Overview and Level Annotations

Branches:
Dungeon (3/15)

Altars:


Message History

Forget which spell ([?*] list [ESC] exit)?
Okay, then.
It was a scroll of amnesia.
The hobgoblin shouts!
The gnoll closely misses you. The gnoll hits you.
The big kobold hits you with a short sword.
* * * LOW HITPOINT WARNING * * *
The big kobold hits you with a short sword.
* * * LOW HITPOINT WARNING * * *
The hobgoblin barely misses you.
A goblin comes into view. It is wielding a hunting sling.
Drink which item? (? for menu, Esc to quit)
It was a potion of haste.
You feel yourself speed up.
The hobgoblin shouts!
The gnoll closely misses you. The hobgoblin hits you with a club.
* * * LOW HITPOINT WARNING * * *
The hobgoblin hits you with a club.
* * * LOW HITPOINT WARNING * * *
The gnoll hits you.
You die... ##### #ggg# #K@g# #Kgg#

##g##
#g.
#..
#..g
#g##


.gg You could see 2 big kobolds, 3 gnolls, 5 hobgoblins and 4 goblins.

Vanquished Creatures
  Natasha (twice) (D:2)
  Robin (D:2)
  3 adders
  3 oozes (D:2)
  A worm (D:2)
  13 goblins
  7 hobgoblins
  A ball python (D:1)
  7 bats
  A giant newt (D:1)
  11 kobolds
  7 rats
57 creatures vanquished.

Notes
Turn   | Place    | Note
--------------------------------------------------------------
     0 | D:1      | tp1 the Deep Elf Conjurer began the quest for the Orb.
     0 | D:1      | Reached XP level 1. HP: 10/10 MP: 6/6
   203 | D:1      | Reached XP level 2. HP: 15/15 MP: 1/8
   611 | D:1      | Reached XP level 3. HP: 19/19 MP: 9/11
   615 | D:1      | Learned a level 2 spell: Searing Ray
   722 | D:2      | Reached skill level 5 in Spellcasting
  1121 | D:2      | Noticed Natasha
  1131 | D:2      | Killed Natasha
  1131 | D:2      | Reached skill level 5 in Conjurations
  1131 | D:2      | Reached XP level 4. HP: 24/24 MP: 4/13
  1165 | D:2      | Noticed Natasha
  1170 | D:2      | Killed Natasha
  1479 | D:2      | Noticed Robin
  1487 | D:2      | Killed Robin
  2183 | D:2      | Reached skill level 6 in Conjurations
  2183 | D:2      | Reached XP level 5. HP: 28/28 MP: 9/14
  2190 | D:2      | Learned a level 5 spell: Iskenderun's Battlesphere
  2616 | D:3      | HP: 1/28 [hobgoblin/club (1)]
  2616 | D:3      | Slain by a gnoll

Action                   |  1- 3 |  4- 6 || total
-------------------------+-------+-------++-------
Melee: Unarmed           |     2 |       ||     2
       Rapier            |       |     5 ||     5
 Cast: Magic Dart        |    55 |    21 ||    76
       Searing Ray       |     3 |     5 ||     8
  Use: Scroll            |       |     3 ||     3
       Potion            |       |     1 ||     1
  Eat: Chunk             |       |     4 ||     4
